Map: Automaton LE

Players

Serral - Winner!

  • Race: Zerg Zerg
  • League: Master
  • Spawn Location: 3:00

Harstem

  • Race: Protoss Protoss
  • League: Grandmaster
  • Spawn Location: 9:00

Event: 2019 WCS Winter Europe

VOD

Have the link to the VOD?

Description

Time

  • Played on: Feb. 17, 2019, 11:41 a.m.
  • Length: 10:13

All games in this series

Show
View Real Time Build Order
Export as new Build Order

Serral Zerg - Winner!

Build Orders: Hatch First, Roach Hydra 

Get SALT Encoding   

  12  0:00  Drone  
  13  0:13  Overlord  
  13  0:18  Drone  
  14  0:31  Drone x2  
  16  0:49  Hatchery  
  15  0:53  Drone  
  15  0:56  Drone  
  17  1:00  Drone  
  18  1:11  Extractor  
  18  1:15  Spawning Pool  
  16  1:19  Drone  
  16  1:22  Drone  
  18  1:28  Drone  
  19  1:40  Drone  
  20  1:49  Overlord  
  20  2:01  Queen x2  
  20  2:02  Zergling x2  
  20  2:03  Zergling x2  
  26  2:11  Metabolic Boost  
  26  2:12  Drone  
  26  2:14  Drone  
  28  2:22  Drone x2  
  30  2:41  Hatchery  
  29  2:48  Drone  
  29  2:49  Pneumatized Carapace  
  30  2:55  Overlord  
  30  2:56  Drone  
  31  2:59  Drone  
  31  3:03  Drone  
  31  3:05  Drone  
  33  3:11  Drone x2  
  35  3:17  Drone x3  
  35  3:19  Drone  
  39  3:24  Queen  
  41  3:28  Overlord  
  41  3:31  Drone  
  42  3:41  Zergling x2  
  43  3:49  Overlord, Zergling x6  
  43  3:51  Zergling x2  
  43  3:52  Drone x2  
  43  3:53  Queen  
  43  3:55  Drone  
  52  4:02  Overlord  
  52  4:05  Zergling x2  
  52  4:07  Drone  
  54  4:11  Queen  
  54  4:12  Drone  
  58  4:17  Roach Warren, Drone x2  
  58  4:18  Drone  
  58  4:21  Drone x2  
  58  4:22  Drone  
  62  4:32  Lair  
  62  4:34  Extractor x2, Drone x3  
  62  4:35  Drone  
  62  4:36  Drone  
  65  4:40  Overlord  
  65  4:41  Drone  
  65  4:44  Overlord  
  66  4:46  Drone  
  66  4:49  Drone x2  
  66  4:51  Drone x2  
  66  4:52  Drone  
  72  4:54  Drone  
  73  5:00  Evolution Chamber, Overlord  
  73  5:03  Overlord  
  71  5:09  Roach  
  71  5:10  Roach x2  
  71  5:13  Roach  
  78  5:19  Overlord  
  78  5:20  Roach x3  
  84  5:25  Extractor, Zerg Missile Weapons Level 1  
  84  5:26  Roach  
  85  5:30  Overlord  
  85  5:31  Glial Reconstitution  
  85  5:35  Roach x2  
  89  5:41  Drone x3  
  89  5:42  Zergling x6  
  95  5:44  Drone  
  95  5:45  Overseer, Drone  
  95  5:49  Drone x2  
  99  5:56  Overlord  
  100  5:57  Drone  
  100  5:59  Zergling x4  
  100  6:00  Overlord  
  102  6:04  Overlord  
  102  6:10  Drone  
  102  6:11  Drone x4  
  106  6:13  Extractor  
  106  6:14  Extractor, Hydralisk Den  
  103  6:19  Overlord  
  103  6:22  Drone x3  
  103  6:23  Drone x2  
  108  6:29  Overlord  
  104  6:45  Muscular Augments  
  104  6:46  Drone  
  105  6:51  Hydralisk x8  
  121  6:55  Overseer  
  121  6:57  Hatchery  
  121  7:00  Hydralisk  
  121  7:01  Hydralisk x2  
  126  7:18  Overlord  
  126  7:19  Overlord  
  126  7:26  Roach  
  126  7:27  Roach x9  
  146  7:32  Roach x3  
  146  7:34  Ravager x4  
  156  7:43  Roach, Zergling x4  
  157  7:51  Roach x6  
  157  7:58  Overlord x2  
  169  7:59  Overlord  
  169  8:05  Grooved Spines  
  168  8:08  Roach  
  168  8:09  Roach x2  
  174  8:15  Roach x5  
  183  8:25  Roach x9  
  177  8:32  Roach x3  
  155  8:36  Hydralisk  
  155  8:39  Roach x3  
  157  8:45  Hydralisk x3  
  157  8:46  Zergling x2  
  150  8:51  Zergling x2  
  149  8:56  Zergling x6  
  132  9:03  Zergling x4  
  132  9:06  Roach  
  132  9:07  Roach  
  136  9:14  Hydralisk x3  
  142  9:22  Hydralisk  
  144  9:25  Hydralisk x3  
  150  9:32  Hydralisk x2  
  150  9:33  Hydralisk, Zergling x8  
  160  9:39  Overlord  
  160  9:51  Roach x2  
Show
View Real Time Build Order
Export as new Build Order

Harstem Protoss 

Build Orders: 1 Gate Expand, Archon Immortal 

Get SALT Encoding   

  12  0:00  Probe  
  13  0:13  Probe  
  14  0:18  Pylon  
  14  0:25  Probe  
  15  0:33  Probe  
  15  0:39  Gateway  
  15  0:41  Probe  
  16  0:49  Assimilator  
  17  0:51  Probe  
  18  1:03  Probe  
  19  1:15  Probe  
  20  1:25  Nexus  
  20  1:34  Cybernetics Core  
  20  1:37  Probe  
  21  1:43  Assimilator  
  21  1:49  Probe  
  21  1:52  Pylon  
  22  2:01  Warp Gate, Probe, Adept  
  23  2:13  Probe  
  26  2:19  Robotics Facility  
  26  2:25  Probe  
  27  2:31  Stalker  
  29  2:37  Probe x2  
  30  2:49  Probe x2  
  32  2:56  Gateway  
  32  2:58  Warp Prism  
  32  3:01  Probe x2  
  36  3:13  Forge  
  36  3:16  Probe  
  36  3:17  Probe  
  38  3:26  Immortal  
  38  3:28  Probe  
  38  3:29  Probe  
  38  3:32  Protoss Ground Weapons Level 1, Pylon  
  40  3:40  Probe  
  46  3:44  Pylon  
  46  3:52  Probe  
  46  3:56  Adept x2  
  46  3:58  Probe  
  51  4:04  Probe  
  51  4:09  Assimilator  
  52  4:10  Probe  
  52  4:12  Assimilator  
  52  4:13  Observer  
  52  4:16  Probe  
  55  4:18  Sentry  
  55  4:22  Probe, Pylon  
  58  4:29  Probe  
  59  4:35  Probe  
  59  4:37  Pylon  
  60  4:40  Immortal  
  60  4:41  Probe  
  65  4:46  Pylon  
  65  4:47  Probe  
  65  4:48  Twilight Council  
  66  5:12  Nexus  
  66  5:15  Sentry  
  66  5:16  Sentry, Protoss Ground Weapons Level 2  
  66  5:19  Immortal  
  66  5:20  Pylon  
  74  5:31  Charge  
  74  5:32  Probe  
  74  5:33  Probe  
  76  5:43  Gateway  
  76  5:44  Gateway  
  76  5:47  Gateway  
  76  5:50  Probe  
  76  5:52  Probe  
  76  5:53  Pylon  
  78  6:00  Immortal  
  78  6:03  Gateway  
  78  6:05  Gateway  
  83  6:11  Probe  
  83  6:13  Probe  
  84  6:23  Probe, Templar Archives  
  84  6:25  Probe  
  86  6:26  Probe  
  86  6:32  Zealot x2  
  91  6:35  Probe  
  92  6:40  Zealot x2  
  92  6:41  Probe x2  
  98  6:47  Probe  
  98  6:48  Zealot  
  98  6:50  Pylon  
  101  6:54  Stalker  
  101  6:56  Probe  
  101  6:57  Probe  
  105  7:09  Zealot x6  
  105  7:12  Pylon  
  105  7:15  Probe x2  
  119  7:22  Probe  
  120  7:25  High Templar  
  120  7:27  Probe  
  120  7:28  Gateway  
  120  7:29  High Templar  
  124  7:30  Assimilator, Pylon  
  124  7:31  Assimilator, High Templar x2  
  124  7:32  High Templar x2  
  124  7:35  Archon x3  
  133  7:37  Probe  
  133  7:41  Pylon  
  133  7:46  Observer, Probe  
  133  7:48  Probe  
  133  7:49  Probe  
  135  7:52  Pylon  
  135  7:55  Zealot  
  135  7:58  Probe  
  134  8:00  Probe  
  134  8:01  Psionic Storm, Zealot  
  134  8:03  Zealot  
  134  8:04  Zealot  
  134  8:05  Zealot x2  
  145  8:08  Probe  
  145  8:12  Stalker  
  146  8:24  Zealot x4  
  138  8:30  Zealot x3  
  122  8:36  Zealot  
  122  8:38  Probe  
  111  8:49  Immortal  
  111  8:50  High Templar x2  
  111  8:51  High Templar  
  111  8:55  Zealot x4  
  113  9:03  Probe  
  113  9:05  Zealot  
  112  9:15  Photon Cannon  
  112  9:18  Stargate  
  112  9:21  High Templar  
  112  9:22  Zealot, High Templar  
  112  9:23  Zealot x4  
  126  9:29  Immortal  
  130  9:36  Probe  
  131  9:40  Stalker, Photon Cannon  
  131  9:41  Shield Battery  
  131  9:52  Zealot x5  
  113  10:01  Zealot x2  
Tags
 
Add a new tag
Caveats
  • Supply blocks, unpowered buildings, or Contaminate may cause inaccurate times.
  • Supply counts are checked every 10 seconds.